 Dungeon Crawl Stone Soup version 0.32-a0-411-g744942f433 (webtiles) character file.

Game seed: 4204078904130743965

86 adelrune the Grasshopper (level 4, 0/36 HPs)
             Began as an Armataur Warper on Feb 20, 2024.
             Slain by Natasha (5 damage)
             ... on level 2 of the Dungeon.
             The game lasted 00:03:13 (1281 turns).

adelrune the Grasshopper (Armataur Warper)          Turns: 1281, Time: 00:03:14

Health: 0/36       AC:  5    Str: 19    XL:     4   Next: 26%
Magic:  7/7        EV:  8    Int: 13    God:
Gold:   23         SH:  0    Dex:  9    Spells: 5/7 levels left

rFire   . . .        a - +0 mace
rCold   . . .        (no shield)
rNeg    . . .        g - +0 ring mail
rPois   .            (no helmet)
rElec   .            (no cloak)
rCorr   .            (no gloves)
SInv    .            (no barding)
Will    +....        (no amulet) Stlth
                     e - ring of willpower
HPRegen 0.26/turn    (no ring)
MPRegen 0.10/turn

%: roll
@: no status effects
A: large, deformed body, tough skin 3, armoured tail, roll 1
a: no special abilities


You were on level 2 of the Dungeon.
You visited 1 branch of the dungeon, and saw 2 of its levels.

You collected 23 gold pieces.

Inventory:

Hand Weapons
 a - a +0 mace (weapon)
Missiles
 d - 7 darts of dispersal (quivered)
 f - 8 poisoned darts
Armour
 b - a +0 leather armour
 g - a +0 ring mail (worn)
Jewellery
 e - a ring of willpower (left hand)
Scrolls
 c - a scroll of blinking
 j - 2 scrolls of identify {unknown}
Potions
 h - a potion of degeneration {unknown}
 i - a potion of mutation {unknown}


   Skills:
 + Level 2.3 Fighting
 * Level 2.4 Maces & Flails
 + Level 1.7 Throwing
 + Level 2.1 Armour
 - Level 1.6 Dodging
 - Level 2.0 Spellcasting
 + Level 3.3 Translocations


You had 5 spell levels left.
You knew the following spells:

 Your Spells              Type           Power      Damage    Failure   Level
a - Blink                 Tloc           18%        N/A       17%         2

Your spell library contained the following spells:

 Spells                   Type           Power      Damage    Failure   Level
 Lesser Beckoning         Tloc           18%        N/A       17%         2
 Teleport Other           Tloc           9%         N/A       32%         3
 Manifold Assault         Tloc           9%         N/A       73%         4
 Vhi's Electric Charge    Tloc/Air       10%        N/A       91%         4


Dungeon Overview and Level Annotations

Branches:
Dungeon (2/15)

Altars:

Annotations:
D:2 Natasha


Innate Abilities, Weirdness & Mutations

Armour fits poorly on your strangely shaped body.
You have extremely tough skin. (AC +3)
You have a long armoured tail.
You regenerate magic when rolling toward enemies. (Rampage MPRegen)


Message History

Natasha is moderately wounded.
Natasha stares at you and mumbles some strange words.
The magic dart hits you!
Natasha stares at you and mumbles some strange words.
You resist with almost no effort.
You barely miss Natasha.
Natasha is moderately wounded.
Natasha claws you.
You barely miss Natasha.
Natasha is moderately wounded.
Natasha claws you!
You barely miss Natasha.
Your tail-slap misses Natasha.
Natasha is moderately wounded.
Natasha closely misses you.
You hit Natasha.
Natasha is heavily wounded.
Natasha claws you!
* * * LOW HITPOINT WARNING * * *
Natasha claws you but does no damage.
You barely miss Natasha.
Natasha is heavily wounded.
Natasha claws you.
* * * LOW HITPOINT WARNING * * *
You closely miss Natasha.
Natasha is heavily wounded.
Natasha claws you but does no damage.
You closely miss Natasha.
Your tail-slap misses Natasha.
Natasha is heavily wounded.
Natasha barely misses you.
You closely miss Natasha.
Natasha is heavily wounded.
Natasha claws you.
* * * LOW HITPOINT WARNING * * *
Natasha closely misses you.
You hit Natasha but do no damage.
You tail-slap Natasha, but do no damage.
Natasha is heavily wounded.
Natasha claws you.
You die...
Natasha begins licking her fur clean.

####### #@....#
#h###.# #.. #.#
####.#.###
#..h.ß.'.# #####
#._.#####.# #...#
..
######.######...#
##...........'.[.'
#>.###########...#


You could see Natasha.

Vanquished Creatures
  2 adders (D:2)
  2 dart slugs (D:1)
  2 giant cockroaches
  8 goblins
  A hobgoblin (D:1)
  6 jackals (D:1)
  2 kobolds
  A quokka (D:2)
  4 ball pythons
  4 bats
  A frilled lizard (D:2)
  2 rats
35 creatures vanquished.

Notes
Turn   | Place    | Note
-------+----------+-------------------------------------------
     0 | D:1      | adelrune the Armataur Warper began the quest for the Orb.
     0 | D:1      | Reached XP level 1. HP: 17/17 MP: 3/3
    23 | D:1      | Reached skill level 1 in Throwing
    87 | D:1      | Reached XP level 2. HP: 23/24 MP: 4/4
   266 | D:1      | Reached XP level 3. HP: 14/29 MP: 6/6
   329 | D:1      | Learned a level 2 spell: Blink
  1062 | D:2      | Reached XP level 4. HP: 36/36 MP: 7/7
  1129 | D:2      | Found a faded altar of an unknown god.
  1130 | D:2      | Noticed Natasha
  1281 | D:2      | Slain by Natasha

Illustrated notes

Levels and vault maps discovered:
D:1:      heliophobic_arrival_ceremonial_halls, layout_basic,
          chequers_serial_rivers_micro_c
D:2:      minmay_diamond_boxcup, layout_basic, shapermc_ecumenical_altar_ellora,
          uniq_natasha

Skill      XL: |  1  2  3 |
---------------+----------+-----
Throwing       | 1 |  1.7
Fighting       | 2 |  2.3
Maces & Flails | 2 |  2.4
Spellcasting   | 2 |  2.0
Armour         | 2 |  2.1
Dodging        | |  1.6
Translocations | |  3.3

Action                     |  1- 3 |  4- 6 || total
---------------------------+-------+-------++-------
  Melee: Mace              |    80 |    29 ||   109
         Tailslap          |     6 |     1 ||     7
 Armour: Leather armour    |    51 |       ||    51
         Ring mail         |    31 |    20 ||    51
  Dodge: Dodged            |    50 |    14 ||    64

Table legend: (Time is in decaauts)
 A = Elapsed time spent in this place.
 B = Non-inter-level travel time spent in this place.
 C = Inter-level travel time spent in this place.
 D = Time resting spent in this place.
 E = Time spent auto-exploring this place.
 F = Levels seen in this place.
 G = Mean time per level.
                   A        B        C        D        E       F      G
               +--------+--------+--------+--------+--------+-----+--------+
         Total |   1312 |   1309 |      3 |    140 |    848 |   2 |  656.0 |
       Dungeon |   1312 |   1309 |      3 |    140 |    848 |   2 |  656.0 |
               +--------+--------+--------+--------+--------+-----+--------+

Top non-repeatable levels by time:
     D:1: 824 daAuts
     D:2: 487 daAuts
